Map: Mech Depot LE

Players

Harstem

  • Race: Protoss Protoss
  • Spawn Location: 7:00

Scarlett - Winner!

  • Race: Zerg Zerg
  • Spawn Location: 1:00

Event: WCS Montreal 2017

VOD

Have the link to the VOD?

Description

Time

  • Played on: Sept. 9, 2017, 12:28 p.m.
  • Length: 10:17

All games in this series

Show
View Real Time Build Order
Export as new Build Order

Harstem Protoss 

Build Orders: Nexus First, Oracle Opening 

Get SALT Encoding   

  12  0:01  Probe (Chrono Boost)  
  13  0:11  Probe (Chrono Boost)  
  14  0:19  Pylon  
  14  0:22  Probe (Chrono Boost)  
  15  0:38  Probe (Chrono Boost)  
  16  0:48  Probe (Chrono Boost)  
  17  0:57  Nexus  
  17  1:08  Gateway  
  18  1:11  Probe (Chrono Boost)  
  18  1:21  Assimilator  
  18  1:22  Probe (Chrono Boost)  
  18  1:25  Assimilator  
  19  1:32  Probe (Chrono Boost)  
  20  1:43  Probe (Chrono Boost)  
  20  1:45  Gateway  
  21  1:53  Probe (Chrono Boost)  
  22  1:55  Cybernetics Core  
  22  2:04  Probe (Chrono Boost)  
  23  2:09  Probe (Chrono Boost)  
  23  2:14  Probe (Chrono Boost)  
  25  2:20  Probe (Chrono Boost)  
  26  2:25  Probe (Chrono Boost)  
  27  2:30  Probe (Chrono Boost)  
  27  2:31  Adept (Chrono Boost)  
  27  2:32  Warp Gate, Adept (Chrono Boost)  
  27  2:35  Probe  
  33  2:37  Pylon  
  33  2:42  Probe  
  34  2:47  Probe (Chrono Boost)  
  34  2:54  Probe (Chrono Boost)  
  34  2:57  Stargate  
  35  2:59  Probe (Chrono Boost)  
  35  3:02  Stalker (Chrono Boost)  
  38  3:08  Probe x2  
  40  3:17  Pylon  
  40  3:23  Mothership Core  
  40  3:24  Pylon  
  42  3:30  Adept (Chrono Boost)  
  42  3:31  Adept (Chrono Boost)  
  46  3:37  Probe  
  47  3:43  Probe  
  48  3:49  Probe, Oracle (Chrono Boost)  
  48  3:55  Probe  
  53  4:01  Probe, Adept (Chrono Boost)  
  54  4:04  Pylon  
  54  4:07  Pylon  
  54  4:08  Probe  
  54  4:21  Phoenix (Chrono Boost)  
  54  4:22  Probe, Adept (Chrono Boost)  
  59  4:29  Gateway  
  59  4:36  Pylon  
  57  4:42  Probe  
  57  4:43  Zealot  
  50  4:58  Probe  
  50  4:59  Probe  
  48  5:05  Adept x2  
  41  5:10  Probe  
  38  5:14  Probe  
  39  5:23  Probe, Zealot  
  39  5:24  Zealot  
  40  5:34  Probe  
  40  5:35  Probe  
  42  5:38  Adept  
  44  5:43  Pylon  
  44  5:45  Adept x2  
  44  5:47  Probe x2 (Chrono Boost)  
  50  5:54  Pylon  
  50  5:57  Probe (Chrono Boost)  
  50  5:58  Probe (Chrono Boost)  
  52  6:08  Probe x2 (Chrono Boost)  
  54  6:17  Probe (Chrono Boost)  
  54  6:19  Probe (Chrono Boost), Oracle (Chrono Boost)  
  59  6:27  Probe  
  59  6:29  Adept x2  
  59  6:31  Probe  
  65  6:38  Probe  
  66  6:43  Probe  
  66  6:45  Pylon  
  67  6:47  Adept  
  67  6:48  Probe  
  70  7:01  Probe  
  70  7:02  Pylon  
  70  7:03  Probe  
  72  7:12  Probe  
  72  7:13  Nexus  
  72  7:15  Probe  
  74  7:24  Probe (Chrono Boost)  
  74  7:27  Probe (Chrono Boost)  
  76  7:30  Sentry, Zealot, Forge  
  76  7:31  Twilight Council  
  76  7:34  Robotics Facility  
  76  7:36  Pylon  
  76  7:37  Probe (Chrono Boost), Pylon  
  80  7:42  Probe (Chrono Boost)  
  82  7:48  Probe (Chrono Boost)  
  83  7:52  Probe (Chrono Boost), Pylon  
  83  7:55  Charge  
  83  7:57  Pylon  
  83  7:58  Probe (Chrono Boost), Pylon  
  85  7:59  Assimilator  
  85  8:01  Assimilator  
  85  8:06  Protoss Ground Weapons Level 1 (Chrono Boost)  
  85  8:10  Probe (Chrono Boost)  
  85  8:11  Probe (Chrono Boost)  
  87  8:22  Probe x2 (Chrono Boost), Warp Prism (Chrono Boost)  
  87  8:26  Probe (Chrono Boost)  
  92  8:33  Probe (Chrono Boost)  
  94  8:34  Probe (Chrono Boost)  
  94  8:39  Probe  
  95  8:43  Probe  
  95  8:45  Gateway  
  95  8:46  Probe  
  95  8:47  Gateway  
  95  8:48  Templar Archives  
  97  8:51  Probe  
  97  8:55  Probe  
  96  9:00  Zealot x2  
  96  9:02  Assimilator  
  101  9:04  Probe, Pylon  
  101  9:07  Assimilator  
  101  9:08  Probe  
  101  9:09  Probe  
  102  9:13  Immortal (Chrono Boost)  
  102  9:16  Probe  
  107  9:17  Pylon  
  107  9:23  Sentry, Gateway  
  109  9:24  Probe  
  109  9:28  Photon Cannon  
  109  9:30  Gateway, Pylon  
  110  9:32  High Templar x2  
  110  9:34  Photon Cannon  
  110  9:36  Archon  
  114  9:45  Pylon  
  114  9:52  Zealot x3  
  92  10:07  Zealot x2  
  92  10:13  Zealot x3  
Show
View Real Time Build Order
Export as new Build Order

Scarlett Zerg - Winner!

Build Orders: Hatch First 

Get SALT Encoding   

  12  0:00  Drone  
  13  0:13  Overlord  
  13  0:17  Drone  
  14  0:31  Drone x2  
  14  0:35  Drone  
  17  0:50  Hatchery  
  17  0:55  Drone  
  17  0:58  Drone  
  18  1:09  Extractor  
  17  1:13  Spawning Pool  
  17  1:15  Drone  
  17  1:18  Drone  
  18  1:28  Drone  
  19  1:39  Overlord  
  19  1:50  Drone  
  20  2:00  Queen, Zergling x2  
  23  2:02  Queen  
  23  2:03  Drone  
  26  2:09  Metabolic Boost  
  26  2:11  Drone  
  26  2:15  Drone  
  28  2:22  Drone  
  29  2:24  Drone  
  30  2:35  Queen  
  32  2:42  Overlord  
  32  2:43  Drone  
  33  2:44  Drone  
  33  2:45  Evolution Chamber  
  33  2:48  Pneumatized Carapace  
  33  2:56  Overlord  
  33  2:58  Zergling x4  
  35  3:05  Zergling x2  
  36  3:08  Zergling x8  
  40  3:18  Zergling x8  
  44  3:31  Zergling x4  
  44  3:33  Queen  
  48  3:46  Zergling x2  
  48  3:47  Overlord, Zergling x6  
  50  4:15  Queen  
  50  4:16  Zerg Melee Weapons Level 1  
  52  4:17  Zergling x10  
  52  4:19  Zergling x2  
  57  4:30  Zergling x4  
  55  4:46  Zergling x4  
  55  4:48  Queen  
  55  4:50  Hatchery  
  55  4:51  Queen  
  53  5:06  Zergling x8  
  47  5:17  Zergling x4  
  46  5:27  Drone  
  46  5:28  Drone x3  
  44  5:40  Drone x2  
  46  5:44  Drone x2  
  46  5:48  Drone x3  
  49  5:55  Overlord x2  
  49  5:57  Overlord x2  
  49  6:05  Overlord, Drone  
  49  6:09  Overlord  
  50  6:12  Overlord  
  50  6:13  Zerg Missile Weapons Level 1  
  50  6:14  Lair  
  50  6:15  Drone  
  50  6:16  Drone  
  50  6:17  Extractor  
  51  6:18  Extractor  
  51  6:23  Drone x3  
  51  6:24  Drone  
  54  6:32  Drone x4  
  58  6:34  Drone x2  
  58  6:35  Spore Crawler  
  58  6:39  Spore Crawler, Extractor  
  57  6:45  Zergling x6  
  60  6:47  Zergling x4  
  60  6:48  Zergling x2  
  60  6:54  Zergling x2  
  64  6:58  Zergling x4  
  66  7:02  Zergling x2  
  66  7:03  Zergling x2  
  66  7:04  Zergling x4  
  66  7:07  Zergling x2  
  66  7:08  Zergling x4  
  73  7:12  Zergling x4  
  75  7:19  Spore Crawler  
  74  7:26  Drone  
  74  7:27  Hydralisk Den, Drone x4  
  77  7:32  Drone x2  
  78  7:42  Drone x5  
  83  7:45  Drone x3  
  83  7:49  Overlord  
  86  7:53  Overlord  
  86  7:54  Drone x4  
  90  7:58  Overlord, Muscular Augments  
  90  8:01  Baneling Nest  
  90  8:03  Overlord  
  89  8:07  Overlord x2  
  89  8:19  Hydralisk x2  
  89  8:20  Hydralisk  
  89  8:23  Extractor  
  89  8:25  Hydralisk  
  89  8:26  Hydralisk  
  98  8:31  Hydralisk x2  
  102  8:35  Hydralisk  
  102  8:36  Hydralisk  
  106  8:43  Overlord  
  106  8:44  Hydralisk x2  
  110  8:49  Hydralisk  
  110  8:52  Hydralisk x2  
  115  8:57  Hydralisk x2  
  119  9:03  Overlord x2  
  119  9:06  Hydralisk x2  
  123  9:15  Hydralisk  
  123  9:16  Hydralisk x2  
  129  9:28  Zergling x20  
  129  9:29  Baneling  
  129  9:30  Baneling x3  
  139  9:33  Baneling x5  
  139  9:34  Baneling x3  
  139  9:35  Baneling  
  139  9:36  Baneling x2  
  139  9:42  Hydralisk  
  139  9:43  Hydralisk x2  
  144  9:53  Zergling x14  
Tags
 
Add a new tag
Caveats
  • Supply blocks, unpowered buildings, or Contaminate may cause inaccurate times.
  • Supply counts are checked every 10 seconds.